 Dungeon Sprint DCSS version 0.29-a0-297-g7659ce593d (webtiles) character file.

Game seed: 13868281750799635024

1300000 namelastname112 the Peltast (level 13, -5/127 HPs)
             Began as a Formicid Fighter on Mar 21, 2022.
             Was a Follower of Makhleb.
             Slain by a bag of meat
             ... wielding a +9 war axe
              (34 damage)
             ... in the Dungeon (Sprint VIII: "Arena of Blood").
             The game lasted 00:00:14 (13 turns).

namelastname112 the Peltast (Formicid Fighter)        Turns: 13, Time: 00:00:15

Health: -5/127     AC: 11    Str: 21    XL:     13   Next: 12%
Magic:  13/13      EV: 10    Int:  9    God:    Makhleb [*.....]
Gold:   0          SH:  9    Dex: 14    Spells: 12/12 levels left

rFire   . . .      SeeInvis +   h - +∞ Axe of Woe
rCold   . . .      Faith    .   c - +0 buckler
rNeg    . . .      Spirit   .   b - +0 scale mail
rPois   .          Reflect  .   (helmet unavailable)
rElec   .          Harm     .   (no cloak)
rCorr   .          Rampage  .   (no gloves)
Will    +....                   (no boots)
Stlth   ..........              (no amulet)
HPRegen 0.31/turn               (no ring)
MPRegen 0.13/turn               (no ring)

@: no status effects
A: permanent stasis, dig shafts and tunnels, antennae 3, four strong arms
a: Dig, Renounce Religion


You were in the Dungeon.
You worshipped Makhleb.
Makhleb was aware of your devotion.
You visited 1 branch

Inventory:

Hand Weapons
 a - a +0 war axe
 h - the +∞ Axe of Woe (weapon)
   (You found it in the Dungeon)
Armour
 b - a +0 scale mail (worn)
 c - a +0 buckler (worn)
Potions
 d - a potion of might
 e - a potion of curing
 f - a potion of heal wounds
 g - 2 potions of magic


   Skills:
 + Level 19.9 Fighting
 + Level 11.2 Axes
 + Level 19.6 Armour
 + Level 20.7 Shields


You had 12 spell levels left.
You didn't know any spells.
Your spell library was empty.

Dungeon Overview and Level Annotations

Branches:
Dungeon (1/1)

Altars:
Makhleb


Innate Abilities, Weirdness & Mutations

You cannot be hasted, slowed, berserked, paralysed or teleported.
You can dig through walls and to a lower floor.
You have a pair of large antennae on your head. (SInv)
Your four strong arms can wield two-handed weapons with a shield.


Message History

Makhleb roars: ANNIHILATED!
You hear a shout!!! x17
Your Fighting skill increases to level 19!!!
Your Axes skill increases to level 11!!!
Your Armour skill increases to level 19!!!
Your Shields skill increases to level 20!!!
You have reached level 13!!!
You regained 10 hp, and now have 122/127 hp!
MP restored: 13 The meat berserker appears out of thin air!!!
A meat berserker comes into view! It is wielding a +9 BATTLEAXE!
The meat berserker shouts!!!
You hear a shout!!!
A meat berserker comes into view! It is wielding a +9 BATTLEAXE!
You hear a shout!!! x6
A meat berserker comes into view! It is wielding a +9 BATTLEAXE!
You hear a shout!!! x7
The meat berserker appears out of thin air!!!
A meat berserker comes into view! It is wielding a +9 BATTLEAXE!
The meat berserker shouts!!!
You hear a shout!!! x10
A bag of meat comes into view! It is wielding a +9 war axe!
A meat berserker comes into view! It is wielding a +9 BATTLEAXE!
You hear a shout!!! x9
A bag of meat comes into view! It is wielding a +9 war axe! x2
You hear a shout!!!
The meat berserker hits you with a +9 BATTLEAXE!!!!!!
You hear a shout!!! x3
The meat berserker rages!
You take 27 damage, and have 95/127 hp!
MASSIVE DAMAGE!!!!!!
The bag of meat shouts!!! x2
You dice the meat berserker like an onion!!!!!!
You chop the meat berserker into pieces!
You annihilate the meat berserker!!!
Makhleb roars: ANNIHILATED!
You can now gain health from killing!
You hear a shout!!! x6
A bag of meat comes into view! It is wielding a +9 war axe!
You hear a shout!!! x2
The meat berserker hits you with a +9 BATTLEAXE!!!!!!!!!
DANG; * * * don't die
* * * The bag of meat hits you with a +9 war axe!!!!!! rip

{ #.. ...# { #..
....# ....... .###..
...###.......
......###............
....._.............
#.....#.......#.# .
#_.<._#..........
....#.....#))OO..#.#.
......)_.o..o@.......
...o..###...oO....#.#
.###.......###.......
#.......# .......
#.......# ...o...
......... .oo....
.......{... o#...#.
.....O... #....#


You could see 3 meat berserkers and 7 bags of meat.

Vanquished Creatures
  2 ogres (D)
  An orc (D)
3 creatures vanquished.

Notes
Turn   | Place    | Note
-------+----------+-------------------------------------------
     0 | D        | Found the +∞ Axe of Woe
     0 | D        | namelastname112 the Formicid Fighter began the quest for
                  | the Orb.
     0 | D        | Reached XP level 1. HP: 18/18 MP: 1/1
     0 | D        | Noticed a meat berserker
     2 | D        | Noticed a bag of meat
     4 | D        | Killed a meat berserker
     4 | D        | Noticed a bag of meat
     4 | D        | Noticed a bag of meat
     5 | D        | Reached skill level 10 in Axes
     5 | D        | Reached skill level 19 in Shields
     5 | D        | Reached XP level 2. HP: 49/49 MP: 2/2
     5 | D        | Reached XP level 3. HP: 55/55 MP: 3/3
     5 | D        | Reached XP level 4. HP: 63/63 MP: 4/4
     5 | D        | Reached XP level 5. HP: 69/69 MP: 5/5
     5 | D        | Reached XP level 6. HP: 76/76 MP: 6/6
     5 | D        | Reached XP level 7. HP: 83/83 MP: 7/7
     5 | D        | Reached XP level 8. HP: 90/90 MP: 8/8
     5 | D        | Reached XP level 9. HP: 96/96 MP: 9/9
     5 | D        | Reached XP level 10. HP: 104/104 MP: 10/10
     5 | D        | Reached XP level 11. HP: 110/110 MP: 11/11
     5 | D        | Reached XP level 12. HP: 117/117 MP: 12/12
     5 | D        | Became a worshipper of Makhleb the Destroyer
     6 | D        | Noticed a bag of meat
     8 | D        | Noticed a bag of meat
     9 | D        | Killed a bag of meat
    10 | D        | Reached skill level 20 in Shields
    10 | D        | Reached XP level 13. HP: 122/127 MP: 13/13
    10 | D        | Noticed a meat berserker
    10 | D        | Noticed a meat berserker
    10 | D        | Noticed a meat berserker
    11 | D        | Noticed a meat berserker
    11 | D        | Noticed a bag of meat
    11 | D        | Noticed a meat berserker
    12 | D        | Noticed a bag of meat
    12 | D        | Noticed a bag of meat
    13 | D        | Killed a meat berserker
    13 | D        | Reached * piety under Makhleb
    13 | D        | Noticed a bag of meat
    13 | D        | Slain by a bag of meat

Illustrated notes

Levels and vault maps discovered:
D:        meatsprint

Skill      XL: |  1  2  3  4  5  6  7  8  9 10 11 12 |
---------------+-------------------------------------+-----
Fighting       | 18 19 | 19.9
Axes           | 10 11 | 11.2
Armour         | 18 19 | 19.6
Shields        | 19 20 | 20.7

Action                   |  1- 3 |  4- 6 |  7- 9 | 10-12 | 13-15 || total
-------------------------+-------+-------+-------+-------+-------++-------
Melee: Executioner's axe |     1 |       |       |     1 |     1 ||     3

Table legend: (Time is in decaauts)
 A = Elapsed time spent in this place.
 B = Non-inter-level travel time spent in this place.
 C = Inter-level travel time spent in this place.
 D = Time resting spent in this place.
 E = Time spent auto-exploring this place.
 F = Levels seen in this place.
 G = Mean time per level.
                   A        B        C        D        E       F      G
               +--------+--------+--------+--------+--------+-----+--------+
         Total |     13 |     13 |      0 |      0 |      0 |   1 |   13.0 |
       Dungeon |     13 |     13 |      0 |      0 |      0 |   1 |   13.0 |
               +--------+--------+--------+--------+--------+-----+--------+

Top non-repeatable levels by time:
       D: 13 daAuts
